 Dungeon Crawl Stone Soup version 0.24-a0-415-g6d73c25c48 (webtiles) character file.

Game seed: 118292042838714209

7493 Azzok the Cleaver (level 11, 0/75 HPs)
             Began as a Formicid Fighter on June 7, 2019.
             Was a High Priest of Okawaru.
             Slain by a two-headed ogre
             ... wielding a +0 dire flail
              (10 damage)
             ... on level 10 of the Dungeon.
             The game lasted 00:17:12 (11176 turns).

Azzok the Cleaver (Formicid Fighter)               Turns: 11176, Time: 00:17:13

Health: 0/75       AC: 14    Str: 33    XL:     11   Next: 38%
Magic:  18/18      EV:  8    Int:  9    God:    Okawaru [*****.]
Gold:   484        SH: 13    Dex: 10    Spells: 10/10 levels left

rFire    . . .     SeeInvis +   a - +0 war axe
rCold    + . .     Gourm    .   c - +1 shield
rNeg     . . .     Faith    +   x - +0 plate armour
rPois    .         Spirit   .   (helmet unavailable)
rElec    .         Reflect  .   w - +0 cloak
rCorr    .         Harm     .   i - +0 pair of gloves
MR       +....                  (no boots)
Stlth    ..........             A - amulet of faith
HPRegen  0.22/turn              h - +5 ring of strength
MPRegen  0.16/turn              s - ring of protection from cold

@: mighty
A: permanent stasis, dig shafts and tunnels, four strong arms, antennae 3
a: Dig, Shaft Self, Heroism, Finesse, Renounce Religion


You were on level 10 of the Dungeon.
You worshipped Okawaru.
Okawaru was extremely pleased with you.
You were very hungry.

You visited 2 branches of the dungeon, and saw 11 of its levels.

You collected 540 gold pieces.
You spent 56 gold pieces at shops.

Inventory:

Hand Weapons
 a - a +0 war axe (weapon)
 r - a +1 dagger of venom
Armour
 c - a +1 shield (worn)
 i - a +0 pair of gloves (worn)
 o - a +0 chain mail of cold resistance
 w - a +0 cloak (worn)
 x - a +0 plate armour (worn)
Jewellery
 h - a +5 ring of strength (left hand)
 m - an uncursed amulet of regeneration
 s - a ring of protection from cold (right hand)
 t - an uncursed amulet of the gourmand {unknown}
 A - an amulet of faith (around neck)
Wands
 y - a wand of iceblast (18)
 z - a wand of random effects (24)
 B - a wand of polymorph (11)
 D - a wand of digging (3)
Scrolls
 b - a scroll of fog {unknown}
 d - 2 scrolls of enchant weapon {unknown}
 j - 2 scrolls of magic mapping {unknown}
 k - 6 scrolls of teleportation {unknown}
 n - 2 scrolls of remove curse
 q - 3 scrolls of amnesia {unknown}
 v - 2 scrolls of blinking {unknown}
 C - a scroll of torment {unknown}
 E - a scroll of identify
 H - 3 scrolls of enchant armour
Potions
 e - 2 potions of heal wounds {unknown}
 g - 3 potions of curing
 l - 2 potions of mutation {!q}
 p - a potion of resistance
 u - a potion of lignification
 F - a potion of cancellation
 I - 2 potions of ambrosia
Comestibles
 f - 21 rations


   Skills:
 - Level 3.2 Fighting
 + Level 12.3 Axes
 - Level 5.0 Armour
 - Level 9.0 Shields
 - Level 10.0 Invocations


You had 10 spell levels left.
You didn't know any spells.
Your spell library was empty.

Dungeon Overview and Level Annotations

Branches:
Dungeon (10/15)            Temple (1/1) D:5
   Lair: D:8-11         Orc: D:9-12

Altars:
Cheibriados
Dithmenos
Elyvilon
Fedhas
Hepliaklqana
Kikubaaqudgha
Makhleb
Nemelex Xobeh
Okawaru
Ru
Sif Muna
Trog
Uskayaw
Vehumet
Wu Jian
Yredelemnul
Zin
The Shining One

Shops:
D:4 [   D:6 [   D:9 (([=


Innate Abilities, Weirdness & Mutations

You cannot be hasted, slowed, berserked, paralysed or teleported.
You can dig through walls and to a lower floor.
Your four strong arms can wield two-handed weapons with a shield.
You have a pair of large antennae on your head. (SInv)


Message History

The two-headed ogre hits you but does no damage.
The two-headed ogre hits you with a +0 giant club!
* * * LOW HITPOINT WARNING * * *
A scorpion comes into view.
The adder skeleton moves out of view.
Things that are here:
a +0 troll leather armour; a troll corpse You hit the two-headed ogre.
The two-headed ogre is lightly wounded.
The two-headed ogre hits you with a +0 dire flail!
* * * LOW HITPOINT WARNING * * *
You block the two-headed ogre's attack.
You hit the two-headed ogre.
The two-headed ogre is lightly wounded.
You slice the two-headed ogre!!
The two-headed ogre is heavily wounded.
The two-headed ogre hits you with a +0 dire flail!
* * * LOW HITPOINT WARNING * * *
The two-headed ogre hits you with a +0 giant club!
You die...

▒·········▒
▒····(····▒
▒·········╬
▒·}·······▒
▒▒▒▒'▒▒▒▒▒▒
▒···▒ ▒▒▒·▒
▒(▒▒▒▒
▒·†@·▒
▒▒▒▒O▒ Z··
·····
·····▒
····s▒
·······
·····▒·


You could see a two-headed ogre, a scorpion and an adder skeleton.

Vanquished Creatures
  A two-headed ogre (D:9)
  Maurice (D:8)
  A troll (D:10)
  Prince Ribbit (D:8)
  A hippogriff (D:7)
  A wyvern (D:10)
  Eustachio (D:6)
  4 yaks (D:10)
  Grum (D:8)
  A hungry ghost (D:10)
  Duvessa (D:6)
  5 orc warriors
  A black bear (D:8)
  An ice beast (D:6)
  An ogre (D:8)
  3 centaurs (D:7)
  A crocodile (D:10)
  4 wolves
  3 bullfrogs
  Dowan (D:6)
  4 gnoll sergeants
  A water moccasin skeleton (D:8)
  4 scorpions
  14 killer bees
  A howler monkey (D:9)
  6 crimson imps
  2 quasits
  3 bullfrog skeletons
  2 bullfrog zombies
  6 hounds
  4 jellies
  7 orc wizards
  6 orc priests
  2 gnoll shamans (D:9)
  An iguana (D:6)
  7 worker ants
  2 hound zombies (D:7)
  2 worker ant zombies
  28 gnolls
  12 adders
  A shadow imp (D:9)
  5 oozes (D:9)
  2 adder skeletons
  5 worms
  5 dart slugs
  8 leopard geckos
  35 orcs
  7 giant cockroaches
  8 goblins
  7 hobgoblins
  9 jackals
  4 quokkas
  3 ball pythons
  A ball python skeleton (D:4)
  2 bats
  9 frilled lizards
  A jackal zombie (D:9)
  7 kobolds
  A quokka skeleton (D:7)
  6 rats
274 creatures vanquished.

Notes
Turn   | Place    | Note
-------+----------+-------------------------------------------
     0 | D:1      | Azzok the Formicid Fighter began the quest for the Orb.
     0 | D:1      | Reached XP level 1. HP: 18/18 MP: 1/1
    73 | D:1      | Reached XP level 2. HP: 24/24 MP: 2/2
   132 | D:1      | Reached skill level 3 in Axes
   372 | D:1      | Reached XP level 3. HP: 29/29 MP: 3/3
   910 | D:2      | Reached XP level 4. HP: 7/35 MP: 4/4
  1251 | D:2      | Reached skill level 4 in Axes
  1631 | D:2      | Reached XP level 5. HP: 23/41 MP: 5/5
  2358 | D:3      | Reached skill level 5 in Shields
  2786 | D:3      | Found a glowing golden altar of the Shining One.
  2804 | D:3      | Reached XP level 6. HP: 47/47 MP: 6/6
  3378 | D:4      | Reached skill level 5 in Axes
  3392 | D:4      | Found Nusulargh's Antique Armour Boutique.
  3738 | D:4      | Reached XP level 7. HP: 5/52 MP: 7/7
  4133 | D:5      | Entered Level 5 of the Dungeon
  4427 | D:5      | Reached skill level 6 in Axes
  4429 | D:5      | Found a staircase to the Ecumenical Temple.
  4462 | Temple   | Entered the Ecumenical Temple
  4482 | Temple   | Became a worshipper of Warmaster Okawaru
  5105 | D:6      | Noticed Eustachio
  5162 | D:6      | Killed Eustachio
  5162 | D:6      | Reached XP level 8. HP: 58/58 MP: 8/8
  5181 | D:6      | Noticed Dowan
  5274 | D:6      | Noticed Duvessa
  5459 | D:6      | Reached * piety under Okawaru
  5459 | D:6      | Reached skill level 7 in Axes
  5470 | D:6      | Found a deep blue altar of Sif Muna.
  5480 | D:6      | Found Upot's Antique Armour Emporium.
  5700 | D:6      | Killed Duvessa
  5714 | D:6      | Killed Dowan
  6129 | D:6      | Reached skill level 8 in Axes
  6129 | D:6      | Reached XP level 9. HP: 56/64 MP: 9/9
  6193 | D:6      | Reached skill level 1 in Invocations
  6476 | D:7      | Reached ** piety under Okawaru
  6494 | D:7      | Reached skill level 9 in Axes
  6775 | D:7      | Reached skill level 5 in Invocations
  6927 | D:7      | Noticed a hippogriff
  6935 | D:7      | Killed a hippogriff
  7213 | D:8      | Reached XP level 10. HP: 67/70 MP: 14/14
  7291 | D:8      | Noticed Prince Ribbit
  7292 | D:8      | Noticed Grum
  7319 | D:8      | Reached skill level 10 in Axes
  7329 | D:8      | Killed Grum
  7329 | D:8      | Reached *** piety under Okawaru
  7381 | D:8      | Killed Prince Ribbit
  8188 | D:8      | Noticed Maurice
  8211 | D:8      | Killed Maurice
  8356 | D:8      | Reached **** piety under Okawaru
  8893 | D:9      | Found Plog's Antique Armour Shoppe.
  9229 | D:9      | Reached skill level 11 in Axes
  9613 | D:9      | Found Akuwkeah's Antique Weapon Emporium.
  9652 | D:9      | Found Cutaxtaxed's Weapon Shoppe.
  9692 | D:9      | Found Roxet's Jewellery Shoppe.
  9700 | D:9      | Bought a cursed amulet of inaccuracy for 28 gold pieces
  9701 | D:9      | Bought a cursed -2 ring of intelligence for 28 gold pieces
 10068 | D:9      | Noticed a two-headed ogre
 10084 | D:9      | Killed a two-headed ogre
 10084 | D:9      | Reached XP level 11. HP: 29/75 MP: 14/18
 10342 | D:9      | Reached skill level 5 in Armour
 10570 | D:10     | Entered Level 10 of the Dungeon
 10592 | D:10     | Reached ***** piety under Okawaru
 10596 | D:10     | Found a glowing silver altar of Zin.
 11114 | D:10     | Reached skill level 10 in Invocations
 11126 | D:10     | Received a gift from Okawaru
 11131 | D:10     | Reached skill level 12 in Axes
 11172 | D:10     | Noticed a two-headed ogre
 11176 | D:10     | Slain by a two-headed ogre

Levels and vault maps discovered:
D:1:      lemuel_arrival_lava_pool, layout_basic
D:2:      layout_loops_ring, minmay_misc_feat_plants
D:3:      minmay_evil_eye, layout_loops_ring, nicolae_overflow_hidden_temple
D:4:      layout_loops_cross, serial_shops, nicolae_shop_window_shopping
D:5:      layout_basic, minmay_temple_entry_statues_fountains, first_ration,
          chequers_garden
D:6:      layout_basic, serial_shops, shop, lemuel_altar_in_water,
          uniq_eustachio, uniq_duvessa
D:7:      layout_cave_pools, kennysheep_generic_room_7
D:8:      layout_cave_pods, uniq_maurice, uniq_grum, uniq_prince_ribbit1
D:9:      layout_cave_pools, serial_shops, kennysheep_little_box, shop, shop,
          nicolae_shop_trees, serial_gnoll_camp, gnoll_camp_mini_hut,
          gnoll_camp_medium_02, gnoll_camp_medium_01, gnoll_camp_mini_hut,
          gnoll_camp_mini_loothouse, gnoll_camp_mini_basic,
          hangedman_little_slice_of_home
D:10:     layout_roguey, basic_altar, uniq_harold
Temple:   dpeg_three_leaves_temple

Skill      XL: |  1  2  3  4  5  6  7  8  9 10 11 |
---------------+----------------------------------+-----
Axes           | 3 4 5 6 8 9 11 12 | 12.3
Shields        | 4 5 6 7 9 |  9.0
Invocations    | 6 9 10 | 10.0
Armour         | 4 5 |  5.0
Fighting       | |  3.2

Action                   |  1- 3 |  4- 6 |  7- 9 | 10-12 || total
-------------------------+-------+-------+-------+-------++-------
Melee: War axe           |   106 |   275 |   175 |   501 ||  1057
       Dagger            |       |       |   296 |     5 ||   301
Invok: Heroism           |       |       |     1 |     6 ||     7
  Use: Scroll            |       |     7 |     2 |     5 ||    14
       Potion            |       |     1 |       |     3 ||     4
  Eat: Chunk             |       |    10 |    12 |    16 ||    38
Armor: Scale mail        |    53 |    55 |       |       ||   108
       Chain mail        |       |    54 |   151 |       ||   205
       Plate armour      |       |       |    49 |   191 ||   240
Dodge: Dodged            |    45 |    76 |   141 |   115 ||   377
Block: Shield            |    58 |   183 |   338 |   347 ||   926

Table legend:
 A = Non-vault XP
 B = Vault XP
 C = Vault XP percentage of total XP
 D = Non-vault monster count
 E = Vault monster count
 F = Vault count percentage of total count
                 A         B        C        D         E       F
            +---------+---------+-------+---------+---------+-------
      Total |    7915 |    2790 |  26.1 |     218 |      56 |  20.4
            +---------+---------+-------+---------+---------+-------
        D:1 |      42 |       0 |   0.0 |      22 |       0 |   0.0
        D:2 |     110 |       0 |   0.0 |      27 |       0 |   0.0
        D:3 |     137 |       9 |   6.2 |      20 |       3 |  13.0
        D:4 |     320 |       0 |   0.0 |      27 |       0 |   0.0
        D:5 |     315 |       0 |   0.0 |      14 |       0 |   0.0
        D:6 |     879 |     426 |  32.6 |      23 |       3 |  11.5
        D:7 |    1677 |      72 |   4.1 |      37 |       1 |   2.6
        D:8 |     621 |    1285 |  67.4 |      14 |       6 |  30.0
        D:9 |    1301 |     998 |  43.4 |      10 |      43 |  81.1
       D:10 |    2513 |       0 |   0.0 |      24 |       0 |   0.0
            +---------+---------+-------+---------+---------+-------
